AoeStats
← 用户1623433

Arabia

510293304Analyzed
4v4 RM · 3d ago on Sep 30, 2026· 40m 1s· 8 players
Game mode
Random Map
Map size
Large (8 player)
Population
200
Speed
Normal
Resources
Standard
Victory
Conquest
Starting age
Dark Age
Ending age
Imperial Age
RankedLock teamsTeams togetherTeam positionsShared explorationLock speedFull tech treeHidden civsTurbo modeCheats
Victory
Defeat
🇮🇱 Persians · Israel
1227
+15
🇺🇸 Saxons · United States
1180
+17
🇧🇪 Franks · Belgium
1145
+19
🇸🇪 Britons · Sweden
1136
+19
🇨🇳 Teutons · China
1251
-19
🇨🇳 Portuguese · China
1229
-19
🇨🇳 Chinese · China
1177
-16
🇮🇹 Burgundians · Italy
1175
-16
passami lo sdrogo
4:26 Loom
7:53 Double-Bit Axe
8:25 Horse Collar
11:58 Feudal Age
11:31 Gold Mining
17:27 Castle Age
17:14 Wheelbarrow
17:38 Scale Barding Armor
17:31 Cavalier
18:14 Husbandry
20:05 Forging
27:25 Iron Casting
29:12 Chain Barding Armor
31:06 Hand Cart
33:17 Stone Mining
35:10 Fletching
36:54 Stone Shaft Mining
36:54 Gold Shaft Mining
36:30 Bodkin Arrow
40:30 Imperial Age
用户1623433
10:22 Feudal Age
10:29 Man-at-Arms
11:22 Double-Bit Axe
18:42 Horse Collar
21:08 Castle Age
21:21 Forging
21:15 Loom
21:45 Scale Barding Armor
21:51 Pikeman
23:34 Bow Saw
26:05 Heavy Plow
26:21 Scale Mail Armor
28:19 Squires
28:05 Arson
29:52 Iron Casting
30:37 Chain Mail Armor
31:54 Fletching
33:03 Light Cavalry
40:27 Imperial Age
38:24 Gold Mining
39:33 Ballistics
39:24 Fortified Wall
39:32 Bloodlines
39:22 Husbandry
40:01 Chain Barding Armor
yangyang
6:34 Loom
12:26 Feudal Age
14:44 Horse Collar
17:18 Castle Age
16:18 Horse Collar
16:51 Scale Barding Armor
21:43 Forging
23:04 Chain Barding Armor
25:32 Stone Mining
26:38 Double-Bit Axe
31:34 Heavy Plow
32:43 Bloodlines
32:34 Husbandry
34:22 Bow Saw
35:43 Stone Shaft Mining
38:47 Wheelbarrow
subaru
7:47 Loom
10:25 Feudal Age
12:27 Wheelbarrow
11:45 Double-Bit Axe
17:51 Man-at-Arms
21:25 Horse Collar
27:45 Castle Age
26:02 Fletching
28:26 Elite Skirmisher
30:51 Bow Saw
31:52 Padded Archer Armor
31:47 Bodkin Arrow
31:31 Pikeman
32:11 Squires
Kryptonknight
6:50 Loom
9:19 Feudal Age
9:47 Double-Bit Axe
9:43 Horse Collar
18:26 Castle Age
19:36 Bow Saw
21:35 Pikeman
22:16 Squires
24:29 Scale Mail Armor
24:41 Forging
27:44 Heavy Plow
30:12 Wheelbarrow
30:58 Chain Mail Armor
30:37 Fletching
31:12 Gold Mining
31:13 Stone Mining
34:03 Iron Casting
33:30 Town Watch
34:01 Hand Cart
34:55 Town Patrol
36:46 Ballistics
36:37 Fortified Wall
40:25 Imperial Age
39:36 Bodkin Arrow
hakki
9:43 Feudal Age
10:19 Double-Bit Axe
16:53 Castle Age
15:25 Gold Mining
16:40 Wheelbarrow
17:51 Bow Saw
19:04 Husbandry
19:54 Gold Shaft Mining
20:18 Forging
19:58 Loom
22:19 Husbandry
22:34 Town Watch
23:32 Stone Mining
25:06 Scale Barding Armor
28:06 Squires
32:55 Imperial Age
30:34 Pikeman
31:18 Scale Mail Armor
31:37 Hand Cart
31:41 Arson
32:35 Iron Casting
33:17 Chain Barding Armor
33:02 Cavalier
34:03 Conscription
34:47 Blast Furnace
35:31 Plate Barding Armor
37:27 Paladin
Mike
7:14 Loom
9:21 Feudal Age
10:02 Double-Bit Axe
9:59 Horse Collar
18:06 Wheelbarrow
17:55 Scale Barding Armor
21:06 Castle Age
21:54 Chain Barding Armor
21:51 Bloodlines
21:53 Husbandry
22:46 Bow Saw
23:56 Forging
27:30 Light Cavalry
31:39 Heavy Plow
31:31 Gold Mining
39:40 Hand Cart
ikaros
7:54 Loom
10:23 Feudal Age
11:20 Double-Bit Axe
14:15 Fletching
24:32 Castle Age
24:34 Crossbowman
25:10 Bodkin Arrow
24:48 Pikeman
25:57 Padded Archer Armor
26:24 Scale Mail Armor
28:21 Forging
28:30 Bow Saw
32:33 Horse Collar
34:04 Gold Mining
34:50 Chain Mail Armor
36:01 Gold Shaft Mining
40:14 Imperial Age
39:03 Squires
Connection lost

Rejoining the realm…

Still unreachable

The connection could not be restored.

Session expired

The server has moved on; the page needs a fresh start.